AoeStats
← Dniskhan

Arena

510833853Analyzed
3v3 RM · 21h ago on Oct 2, 2026· 40m 19s· 6 players
Game mode
Random Map
Map size
Normal (6 player)
Population
200
Speed
Normal
Resources
Standard
Victory
Conquest
Starting age
Dark Age
Ending age
Imperial Age
RankedLock teamsTeams togetherTeam positionsShared explorationLock speedFull tech treeHidden civsTurbo modeCheats
Victory
Defeat
🇵🇹 Bulgarians · Portugal
1128
+14
🇧🇷 Koreans · Brazil
1121
+14
🇸🇪 Italians · Sweden
1118
+14
🇩🇪 Magyars · Germany
1100
-15
🇩🇪 Bohemians · Germany
1079
-14
🇩🇪 Italians · Germany
1052
-13
Ernst
10:55 Feudal Age
11:50 Double-Bit Axe
11:46 Horse Collar
17:31 Castle Age
18:50 Bow Saw
20:37 Heavy Plow
20:36 Loom
23:54 Town Watch
24:50 Wheelbarrow
25:12 Fletching
25:28 Padded Archer Armor
26:15 Bodkin Arrow
26:36 Leather Archer Armor
27:26 Coinage
27:39 Stone Mining
27:40 Gold Mining
28:12 Hand Cart
32:41 Imperial Age
30:41 Ballistics
30:32 Masonry
31:10 Light Cavalry
32:00 Bloodlines
31:51 Husbandry
32:41 Forging
32:37 Scale Barding Armor
32:53 Elite Genoese Crossbowman
33:59 Bracer
34:38 Conscription
35:30 Crop Rotation
36:02 Two-Man Saw
35:35 Hussar
37:33 Chemistry
36:40 Thumb Ring
36:59 Chain Barding Armor
37:16 Iron Casting
39:47 Banking
39:32 Guilds
41:17 Plate Barding Armor
41:43 Blast Furnace
41:14 Ring Archer Armor
Pablito
11:44 Feudal Age
16:07 Castle Age
18:14 Arson
19:54 Forging
24:32 Pikeman
30:21 Scale Mail Armor
31:12 Wheelbarrow
30:18 Horse Collar
30:25 Double-Bit Axe
39:05 Scale Barding Armor
38:58 Gold Mining
40:05 Masonry
40:53 Iron Casting
Atos 4:12 | João 14:6
10:42 Feudal Age
12:32 Wheelbarrow
11:57 Loom
11:58 Town Watch
16:22 Castle Age
14:08 Double-Bit Axe
14:05 Horse Collar
14:40 Stone Mining
15:21 Fletching
17:13 Bow Saw
17:05 Heavy Plow
17:42 Stone Shaft Mining
20:09 Bodkin Arrow
31:34 Ballistics
32:49 Masonry
42:00 Imperial Age
Dr. LapuLapu
10:58 Feudal Age
14:53 Castle Age
13:13 Double-Bit Axe
13:10 Horse Collar
15:56 Bow Saw
15:47 Heavy Plow
18:43 Loom
21:15 Wheelbarrow
23:23 Town Watch
Dniskhan
11:20 Feudal Age
11:44 Horse Collar
15:37 Double-Bit Axe
19:15 Castle Age
20:33 Heavy Plow
21:31 Loom
22:41 Wheelbarrow
23:15 Scale Barding Armor
24:50 Bloodlines
24:37 Town Watch
25:12 Bow Saw
27:03 Husbandry
28:22 Chain Barding Armor
30:57 Hand Cart
30:55 Stone Mining
30:55 Gold Mining
36:44 Imperial Age
37:26 Cavalier
40:08 Plate Barding Armor
Chrille
11:14 Feudal Age
15:16 Castle Age
13:53 Double-Bit Axe
14:00 Horse Collar
16:15 Bow Saw
29:22 Imperial Age
27:27 Loom
28:18 Wheelbarrow
27:29 Town Watch
31:21 Chemistry
31:41 Two-Man Saw
31:30 Fletching
31:40 Padded Archer Armor
36:32 Hand Cart
36:43 Elite Skirmisher
37:44 Heavy Plow
Connection lost

Rejoining the realm…

Still unreachable

The connection could not be restored.

Session expired

The server has moved on; the page needs a fresh start.